NCAA
MARYLAND TERRAPINS @ WAKE FOREST DEMON DEACONS
04/07/2030
 
TOP OF THE 1ST
Maryland Terrapins batting - Pitching for Wake Forest Demon Deacons : RHP Horacio Vásquez
Pitching: RHP Horacio Vásquez
Batting: SHB Philippe Paquin 0-0: Ground out 4-3 (Groundball, 4)
Batting: RHB José Lazu 0-0: Called Strike
0-1: Ball
1-1: Ball
2-1: SINGLE (Groundball, 56D)
Batting: SHB Will Allen 0-0: Foul Ball, location: 2F
0-1: Ball
1-1: Foul Ball, location: 2F
1-2: Foul Ball, location: 2F
1-2: Foul Ball, location: 2F
1-2: Foul Ball, location: 2F
1-2: Ball
2-2: Ball
3-2: Foul Ball, location: 2F
3-2: Base on Balls
José Lazu to second
Batting: RHB Jeff O'Day 0-0: Called Strike
0-1: Foul Ball, location: 2F
0-2: Ball
1-2: Fly out, F2 (Popup, 2LF)
Batting: LHB Charlie Johnston 0-0: Called Strike
0-1: Ground out 4-3 (Groundball, 4)
Top of the 1st over - 0 runs, 1 hit, 0 errors, 2 left on base; Maryland 0 - Wake Forest 0
BOTTOM OF THE 1ST
Wake Forest Demon Deacons batting - Pitching for Maryland Terrapins : RHP Jeremiah Clark
Pitching: RHP Jeremiah Clark
Batting: RHB Tyler Robinson 0-0: Fly out, F8 (Flyball, 8LD)
Batting: RHB Mike Pope 0-0: Ball
1-0: SOLO HOME RUN (Flyball, 7D), Distance : 351 ft
Batting: RHB William Allen 0-0: Ball
1-0: Foul Ball, location: 2F
1-1: Ground out U3 (Groundball, 3)
Batting: LHB Don Harris 0-0: Swinging Strike
0-1: SINGLE (Flyball, 7LS)
Batting: RHB Jack Hogan 0-0: Foul Ball, location: 2F
0-1: Swinging Strike
0-2: Strikes out looking
Bottom of the 1st over - 1 run, 2 hits, 0 errors, 1 left on base; Maryland 0 - Wake Forest 1
TOP OF THE 2ND
Maryland Terrapins batting - Pitching for Wake Forest Demon Deacons : RHP Horacio Vásquez
Batting: RHB Les McCarty 0-0: Ball
1-0: Called Strike
1-1: Called Strike
1-2: Ground out 6-3 (Groundball, 6)
Batting: LHB Winston Roberts 0-0: Ball
1-0: Ball
2-0: Swinging Strike
2-1: Called Strike
2-2: DOUBLE (Line Drive, 8RD)
Batting: RHB Fred Taylor 0-0: Called Strike
0-1: Ball
1-1: Foul Ball, location: 2F
1-2: Foul Ball, location: 2F
1-2: Ball
2-2: Ball
3-2: Strikes out swinging
Batting: RHB Ben Barnes 0-0: Called Strike
0-1: SINGLE (Groundball, 6MD)
Winston Roberts to third
Runner from 3rd tries for Home, SAFE, no throw
Batting: SHB Philippe Paquin 0-0: Ball
1-0: Foul Ball, location: 2F
1-1: Foul Ball, location: 2F
1-2: Strikes out swinging
Top of the 2nd over - 1 run, 2 hits, 0 errors, 1 left on base; Maryland 1 - Wake Forest 1
BOTTOM OF THE 2ND
Wake Forest Demon Deacons batting - Pitching for Maryland Terrapins : RHP Jeremiah Clark
Batting: RHB Rob Miller 0-0: Called Strike
0-1: Ball
1-1: Ground out 5-3 (Groundball, 56S)
Batting: RHB Leonard Brown 0-0: Swinging Strike
0-1: Foul Ball, location: 2F
0-2: Ball
1-2: Strikes out swinging
Batting: RHB Tim Workman 0-0: Ball
1-0: Swinging Strike
1-1: SOLO HOME RUN (Flyball, 78XD), Distance : 373 ft
Batting: RHB William Hudson 0-0: Called Strike
0-1: Ball
1-1: Ball
2-1: Swinging Strike
2-2: Ball
3-2: Strikes out swinging
Bottom of the 2nd over - 1 run, 1 hit, 0 errors, 0 left on base; Maryland 1 - Wake Forest 2
TOP OF THE 3RD
Maryland Terrapins batting - Pitching for Wake Forest Demon Deacons : RHP Horacio Vásquez
Batting: RHB José Lazu 0-0: Ball
1-0: Called Strike
1-1: Ball
2-1: Ball
3-1: Base on Balls
Batting: SHB Will Allen 0-0: Ball
1-0: Swinging Strike
1-1: Called Strike
1-2: Foul Ball, location: 2F
1-2: Strikes out looking
Batting: RHB Jeff O'Day 0-0: SINGLE (Groundball, 34S) (infield hit)
José Lazu to second
Batting: LHB Charlie Johnston 0-0: Called Strike
José Lazu is caught stealing 3rd base
Jeff O'Day to second
0-1: Ball
1-1: Called Strike
1-2: Ball
2-2: Ball
3-2: Fly out, F7 (Flyball, 7LM)
Top of the 3rd over - 0 runs, 1 hit, 0 errors, 1 left on base; Maryland 1 - Wake Forest 2
BOTTOM OF THE 3RD
Wake Forest Demon Deacons batting - Pitching for Maryland Terrapins : RHP Jeremiah Clark
Batting: RHB Tyler Robinson 0-0: Called Strike
0-1: Called Strike
0-2: Ball
1-2: Strikes out swinging
Batting: RHB Mike Pope 0-0: Foul Ball, location: 2F
0-1: Swinging Strike
0-2: Ball
1-2: Ball
2-2: Strikes out swinging
Batting: RHB William Allen 0-0: Swinging Strike
0-1: Ball
1-1: Called Strike
1-2: SINGLE (Groundball, 4MD)
Batting: LHB Don Harris 0-0: SINGLE (Line Drive, 78M)
William Allen to second
Batting: RHB Jack Hogan 0-0: Ball
1-0: SINGLE (Groundball, 6MD)
William Allen to third
Don Harris to second
Runner from 3rd tries for Home, SAFE, no throw
Batting: RHB Rob Miller 0-0: Ball
1-0: Called Strike
1-1: Ball
2-1: Ball
3-1: Called Strike
3-2: Foul Ball, location: 2F
3-2: Foul Ball, location: 2F
3-2: Strikes out swinging
Bottom of the 3rd over - 1 run, 3 hits, 0 errors, 2 left on base; Maryland 1 - Wake Forest 3
TOP OF THE 4TH
Maryland Terrapins batting - Pitching for Wake Forest Demon Deacons : RHP Horacio Vásquez
Batting: RHB Les McCarty 0-0: Ball
1-0: Ball
2-0: Ball
3-0: Base on Balls
Batting: LHB Winston Roberts 0-0: Called Strike
0-1: Ball
1-1: Ball
2-1: Foul Ball, location: 2F
2-2: Foul Ball, location: 2F
2-2: Hit by Pitch
Les McCarty to second
Batting: RHB Fred Taylor 0-0: Ball
1-0: Foul Ball, location: 2F
1-1: Foul Ball, location: 2F
1-2: Strikes out looking
Batting: RHB Ben Barnes 0-0: Called Strike
0-1: SINGLE (Line Drive, 56D)
Les McCarty to third
Winston Roberts to second
Batting: SHB Philippe Paquin 0-0: Ball
1-0: Ball
2-0: Ball
3-0: Called Strike
3-1: SINGLE (Groundball, 4D)
Les McCarty scores
Winston Roberts to third
Ben Barnes to second
Runner from 3rd tries for Home, SAFE, no throw
Pitching: LHP Wes Eldridge
Batting: RHB José Lazu 0-0: Ball
1-0: Called Strike
1-1: Foul Ball, location: 2F
1-2: Ball
2-2: Strikes out swinging
Batting: SHB Will Allen 0-0: Called Strike
0-1: Ball
1-1: Called Strike
1-2: Ball
2-2: Fielders Choice at 2nd, 5-4 (Groundball, 56)
Top of the 4th over - 2 runs, 2 hits, 0 errors, 2 left on base; Maryland 3 - Wake Forest 3
BOTTOM OF THE 4TH
Wake Forest Demon Deacons batting - Pitching for Maryland Terrapins : RHP Jeremiah Clark
Batting: RHB Leonard Brown 0-0: Called Strike
0-1: Ball
1-1: Swinging Strike
1-2: Ball
2-2: Strikes out swinging
Batting: RHB Tim Workman 0-0: Ball
1-0: Called Strike
1-1: SOLO HOME RUN (Line Drive, 7LD), Distance : 339 ft
Batting: RHB William Hudson 0-0: Ball
1-0: Swinging Strike
1-1: Foul Ball, location: 2F
1-2: Foul Ball, location: 2F
1-2: Strikes out looking
Batting: RHB Tyler Robinson 0-0: Ball
1-0: Called Strike
1-1: Ball
2-1: Ball
3-1: Foul Ball, location: 2F
3-2: SINGLE (Line Drive, 89S)
Batting: RHB Mike Pope 0-0: Ball
1-0: Called Strike
Tyler Robinson steals 2nd base
1-1: Foul Ball, location: 2F
1-2: Ball
2-2: Ball
3-2: Base on Balls
Pitching: RHP Álex Crus
Batting: RHB William Allen 0-0: Called Strike
0-1: Foul Ball, location: 2F
0-2: Ball
1-2: 3-RUN HOME RUN (Line Drive, 78XD), Distance : 367 ft
Batting: LHB Don Harris 0-0: Called Strike
0-1: Ball
1-1: Ball
2-1: Swinging Strike
2-2: Ground out 4-3 (Groundball, 34)
Bottom of the 4th over - 4 runs, 3 hits, 0 errors, 0 left on base; Maryland 3 - Wake Forest 7
TOP OF THE 5TH
Maryland Terrapins batting - Pitching for Wake Forest Demon Deacons : LHP Wes Eldridge
Batting: RHB Jeff O'Day 0-0: Called Strike
0-1: Ball
1-1: Reached on error, E7 (Flyball, 7D)
Batting: LHB Charlie Johnston 0-0: Called Strike
0-1: SINGLE (Groundball, 6D)
Jeff O'Day to second
Batting: RHB Les McCarty 0-0: Ball
1-0: Ball
2-0: Foul Ball, location: 2F
2-1: SINGLE (Line Drive, 5D)
Jeff O'Day to third
Charlie Johnston to second
Runner from 3rd tries for Home, SAFE, no throw
Batting: LHB Winston Roberts 0-0: Hit by Pitch
Charlie Johnston to third
Les McCarty to second
Batting: RHB Fred Taylor 0-0: Swinging Strike
0-1: Ball
1-1: Ball
2-1: Ball
3-1: Base on Balls
Charlie Johnston scores
Les McCarty to third
Winston Roberts to second
Batting: RHB Ben Barnes 0-0: Called Strike
0-1: Ball
1-1: SINGLE (Line Drive, 9S)
Les McCarty scores
Winston Roberts to third
Fred Taylor to second
Runner from 3rd tries for Home, SAFE, throw made home
Pitching: RHP Willie Martínez
Batting: SHB Philippe Paquin 0-0: Called Strike
0-1: Called Strike
0-2: Ball
1-2: Strikes out looking
Batting: RHB José Lazu 0-0: Ball
Wild Pitch!
Fred Taylor to third
Ben Barnes to second
1-0: Fly out, F8 (Flyball, 8LD)
Runner from 3rd tags up, SCORES, throw made
Batting: SHB Will Allen 0-0: Foul Ball, location: 2F
0-1: Ball
1-1: Foul Ball, location: 2F
1-2: Strikes out looking
Top of the 5th over - 5 runs, 3 hits, 1 error, 1 left on base; Maryland 8 - Wake Forest 7
BOTTOM OF THE 5TH
Wake Forest Demon Deacons batting - Pitching for Maryland Terrapins : RHP Álex Crus
Batting: RHB Jack Hogan 0-0: Foul Ball, location: 2F
0-1: Fly out, F8 (Flyball, 8LM)
Batting: RHB Rob Miller 0-0: Foul Ball, location: 2F
0-1: Bunt missed!
0-2: Ball
1-2: Strikes out swinging
Batting: RHB Leonard Brown 0-0: Called Strike
0-1: Foul Ball, location: 2F
0-2: Foul Ball, location: 2F
0-2: Ball
1-2: SINGLE (Flyball, 8RS)
Batting: RHB Tim Workman 0-0: Called Strike
0-1: Ball
1-1: Ball
2-1: Foul Ball, location: 2F
2-2: Strikes out swinging
Bottom of the 5th over - 0 runs, 1 hit, 0 errors, 1 left on base; Maryland 8 - Wake Forest 7
TOP OF THE 6TH
Maryland Terrapins batting - Pitching for Wake Forest Demon Deacons : RHP Willie Martínez
Batting: RHB Jeff O'Day 0-0: Ball
1-0: Called Strike
1-1: Foul Ball, location: 2F
1-2: Ball
2-2: Ball
3-2: Strikes out swinging
Batting: LHB Charlie Johnston 0-0: Ball
1-0: Called Strike
1-1: Called Strike
1-2: Foul Ball, location: 2F
1-2: Ball
2-2: Ground out 4-3 (Groundball, 34D)
Batting: RHB Les McCarty 0-0: SINGLE (Line Drive, 6MD)
Batting: LHB Winston Roberts 0-0: Called Strike
0-1: DOUBLE (Line Drive, 9LM)
Les McCarty to third
Runner from 3rd tries for Home, SAFE, throw made at trailing runner, OUT at third!
Top of the 6th over - 1 run, 2 hits, 0 errors, 0 left on base; Maryland 9 - Wake Forest 7
BOTTOM OF THE 6TH
Wake Forest Demon Deacons batting - Pitching for Maryland Terrapins : RHP Álex Crus
Batting: RHB William Hudson 0-0: Ball
1-0: Ball
2-0: Ball
3-0: Called Strike
3-1: Base on Balls
Batting: RHB Tyler Robinson 0-0: Called Strike
0-1: Swinging Strike
0-2: SINGLE (Line Drive, 78S)
William Hudson to second
Batting: RHB Mike Pope 0-0: Called Strike
0-1: Ball
1-1: Swinging Strike
1-2: Strikes out swinging
Batting: RHB William Allen 0-0: Ball
1-0: Grounds into double play, 5-4-3 (Groundball, 56)
Bottom of the 6th over - 0 runs, 1 hit, 0 errors, 1 left on base; Maryland 9 - Wake Forest 7
TOP OF THE 7TH
Maryland Terrapins batting - Pitching for Wake Forest Demon Deacons : RHP Willie Martínez
Batting: RHB Fred Taylor 0-0: Fly out, F9 (Flyball, 9D)
Batting: RHB Ben Barnes 0-0: Swinging Strike
0-1: Ground out 5-3 (Groundball, 5L)
Batting: SHB Philippe Paquin 0-0: Foul Ball, location: 2F
0-1: Foul Ball, location: 2F
0-2: Ball
1-2: Ball
2-2: Foul Ball, location: 2F
2-2: Strikes out looking
Top of the 7th over - 0 runs, 0 hits, 0 errors, 0 left on base; Maryland 9 - Wake Forest 7
BOTTOM OF THE 7TH
Wake Forest Demon Deacons batting - Pitching for Maryland Terrapins : RHP Álex Crus
Pitching: LHP Eugene Hernández
Now at SS: Michael Wilson
Now in CF: Mike Weeks
Batting: LHB Don Harris 0-0: Called Strike
0-1: Ball
1-1: Ball
2-1: Swinging Strike
2-2: Strikes out swinging
Pitching: RHP William Roy
Batting: RHB Jack Hogan 0-0: Ball
1-0: Foul Ball, location: 2F
1-1: Foul Ball, location: 2F
1-2: Foul Ball, location: 2F
1-2: Hit by Pitch
Batting: RHB Rob Miller 0-0: Foul Ball, location: 2F
0-1: Ball
Passed Ball!
Jack Hogan to second
1-1: Ball
2-1: Fly out, F8 (Flyball, 8LM)
Batting: RHB Leonard Brown 0-0: Called Strike
0-1: Swinging Strike
0-2: Ball
1-2: Fly out, F8 (Line Drive, 8RM)
Bottom of the 7th over - 0 runs, 0 hits, 0 errors, 1 left on base; Maryland 9 - Wake Forest 7
TOP OF THE 8TH
Maryland Terrapins batting - Pitching for Wake Forest Demon Deacons : RHP Willie Martínez
Pitching: RHP Javier Morán
Batting: RHB José Lazu 0-0: Called Strike
0-1: Called Strike
0-2: Ball
1-2: Strikes out looking
Batting: SHB Will Allen 0-0: Ball
1-0: Ball
2-0: Ball
3-0: Base on Balls
Batting: RHB Jeff O'Day 0-0: Fly out, F9 (Flyball, 9S)
Batting: LHB Charlie Johnston 0-0: Ball
1-0: Ball
2-0: Swinging Strike
2-1: Ball
3-1: Base on Balls
Will Allen to second
Batting: RHB Les McCarty 0-0: Called Strike
0-1: Ball
1-1: Swinging Strike
1-2: Ball
2-2: Strikes out swinging
Top of the 8th over - 0 runs, 0 hits, 0 errors, 2 left on base; Maryland 9 - Wake Forest 7
BOTTOM OF THE 8TH
Wake Forest Demon Deacons batting - Pitching for Maryland Terrapins : RHP William Roy
Now at C: Kris Brown
Batting: RHB Tim Workman 0-0: Ball
1-0: Called Strike
1-1: Called Strike
1-2: Fly out, F4 (Line Drive, 4M)
Batting: RHB William Hudson 0-0: Ball
1-0: Ball
2-0: Called Strike
2-1: Ball
3-1: Base on Balls
Batting: RHB Tyler Robinson 0-0: Called Strike
0-1: Ball
1-1: SINGLE (Groundball, 56D)
William Hudson to second
Pitching: RHP Matt Harrison
Batting: RHB Mike Pope 0-0: DOUBLE (Line Drive, 78D)
William Hudson scores
Tyler Robinson to third
Runner from 3rd tries for Home, SAFE, no throw
Batting: RHB William Allen 0-0: Foul Ball, location: 2F
0-1: Ball
1-1: Foul Ball, location: 2F
1-2: Ball
2-2: Foul Ball, location: 2F
2-2: 2-RUN HOME RUN (Flyball, 7LD), Distance : 312 ft
Pitching: RHP Pedro Gallegos
Batting: LHB Don Harris 0-0: Foul Ball, location: 2F
0-1: Ball
1-1: Foul Ball, location: 2F
1-2: Strikes out swinging
Batting: RHB Jack Hogan 0-0: Called Strike
0-1: Foul Ball, location: 2F
0-2: Foul Ball, location: 2F
0-2: Foul Ball, location: 2F
0-2: Ball
1-2: Ball
2-2: Ball
3-2: SINGLE (Groundball, 56D)
Batting: RHB Rob Miller 0-0: Ball
1-0: Ball
2-0: Called Strike
2-1: Ball
3-1: Base on Balls
Jack Hogan to second
Batting: RHB Leonard Brown 0-0: SINGLE (Line Drive, 89S)
Jack Hogan to third
Rob Miller to second
Throwing error, E9
Jack Hogan scores
Rob Miller to third
Leonard Brown to second
Batting: RHB Tim Workman 0-0: Intentional Walk
Batting: RHB William Hudson 0-0: Ball
1-0: SINGLE (Flyball, 9S)
Rob Miller scores
Leonard Brown to third
Tim Workman to second
Runner from 3rd tries for Home, SAFE, throw made home
Pitching: LHP Greg Johnston
Batting: RHB Tyler Robinson 0-0: Foul Ball, location: 2F
0-1: Swinging Strike
0-2: Ball
1-2: Ball
2-2: Ball
3-2: Foul Ball, location: 2F
3-2: Strikes out swinging
Bottom of the 8th over - 7 runs, 6 hits, 1 error, 2 left on base; Maryland 9 - Wake Forest 14
TOP OF THE 9TH
Maryland Terrapins batting - Pitching for Wake Forest Demon Deacons : RHP Javier Morán
Now at SS: Paul Turner
Batting: LHB Michael Wilson 0-0: Foul Ball, location: 2F
0-1: Called Strike
0-2: Ball
1-2: Ball
2-2: Foul Ball, location: 2F
2-2: Foul Ball, location: 2F
2-2: Foul Ball, location: 2F
2-2: Foul Ball, location: 2F
2-2: Foul Ball, location: 2F
2-2: Ball
3-2: Base on Balls
Batting: RHB Fred Taylor 0-0: Foul Ball, location: 2F
0-1: Foul Ball, location: 2F
0-2: Strikes out looking
Batting: RHB Ben Barnes 0-0: Foul Ball, location: 2F
0-1: Ball
1-1: Ball
2-1: Foul Ball, location: 2F
2-2: Foul Ball, location: 2F
2-2: Ball
3-2: Base on Balls
Michael Wilson to second
Batting: RHB Mike Weeks 0-0: Called Strike
0-1: Ball
1-1: Ball
2-1: Foul Ball, location: 2F
2-2: Strikes out swinging
Batting: RHB José Lazu 0-0: SINGLE (Groundball, 6MD)
Michael Wilson to third
Ben Barnes to second
Pitching: RHP Mark Schroder
Batting: RHB Kris Brown 0-0: Fly out, F9 (Flyball, 9D)
Top of the 9th over - 0 runs, 1 hit, 0 errors, 3 left on base; Maryland 9 - Wake Forest 14
Saturday, April 7th, 2018 - OOTP Baseball 18.8 Build 76